 Dungeon Crawl Stone Soup version 0.30-a0-845-g7c6808c8ce (webtiles) character file.

Game seed: 11712082991704471932

7821 Pooter the Cleaver (level 11, 0/97 HPs)
             Began as a Minotaur Delver on Mar 2, 2023.
             Was a Priest of Trog.
             Slain by a yak (12 damage)
             ... on level 9 of the Dungeon on Mar 3, 2023.
             The game lasted 01:05:11 (9070 turns).

Pooter the Cleaver (Minotaur Delver)                Turns: 9070, Time: 01:05:12

Health: 0/97       AC: 10    Str: 19    XL:     11   Next: 1%
Magic:  10/10      EV: 10    Int:  7    God:    Trog [***...]
Gold:   290        SH:  0    Dex: 14    Spells: 10/10 levels left

rFire   . . .      SeeInvis +    h - +3 war axe (heavy)
rCold   . . .      Faith    .    (no shield)
rNeg    . . .      Spirit   .    d - +3 scale mail
rPois   +          Reflect  .    (helmet restricted)
rElec   .          Rampage  .    K - +0 cloak {rPois}
rCorr   .                        (no gloves)
Will    .....                    (no boots)
Stlth   ++                       (no amulet)
HPRegen 0.36/turn                S - ring of see invisible
MPRegen 0.12/turn                (no ring)

@: mighty, on berserk cooldown, slowed, very slow
A: horns 2, retaliatory headbutt
a: Renounce Religion, Berserk, Trog's Hand


You were on level 9 of the Dungeon.
You worshipped Trog.
Trog was most pleased with you.
You visited 1 branch of the dungeon, and saw 10 of its levels.

You collected 568 gold pieces.
You spent 278 gold pieces at shops.

Inventory:

Hand Weapons
 a - the +6 dire flail of Defiance {flame, rPois rC+++ Int+2 Dex-4}
   (You took it off an ogre on level 3 of the Dungeon)

   Int:       It affects your intelligence (+2).
   Dex:       It affects your dexterity (-4).
   rC:        It renders you almost immune to cold.
   rPois:     It protects you from poison.
 b - a +0 shortbow
   (You took it off a centaur on level 6 of the Dungeon)
 g - a +0 hand axe
 h - a +3 heavy war axe (weapon)
   (You found it on level 5 of the Dungeon)
 o - a +0 sling
   (You found it on level 1 of the Dungeon)
 s - a +0 flail of holy wrath
   (You found it on level 3 of the Dungeon)
 y - the +7 trident of the Dwarven Hall {drain, +Blink rElec rPois rCorr}
   (You found it on level 5 of the Dungeon)

   rElec:     It insulates you from electricity.
   rPois:     It protects you from poison.
   +Blink:    It lets you blink.
   rCorr:     It protects you from acid and corrosion.
Missiles
 r - 9 javelins (quivered)
 u - 3 boomerangs
 A - 11 poisoned darts
 H - 2 throwing nets {!f}
 Q - 86 stones
Armour
 d - a +3 scale mail (worn)
   (You took it off an orc on level 6 of the Dungeon)
 K - a +0 cloak of poison resistance (worn)
   (You bought it in a shop on level 8 of the Dungeon)
Jewellery
 i - a ring of ice
   (You found it on level 9 of the Dungeon)
 S - a ring of see invisible (left hand)
   (You found it on level 3 of the Dungeon)
Wands
 j - a wand of polymorph (6)
   (You took it off Natasha on level 3 of the Dungeon)
 p - a wand of light (3)
   (You took it off Ijyb on level 3 of the Dungeon)
 D - a wand of digging (1)
Scrolls
 c - 5 scrolls of fog
 e - 3 scrolls of fear
 k - 5 scrolls of blinking
 l - a scroll of immolation {!r}
 t - 3 scrolls of teleportation {@r4}
 x - a scroll of poison {!r}
 C - a scroll of silence
 F - a scroll of summoning
 I - 2 scrolls of magic mapping
 J - 2 scrolls of noise {!r}
Potions
 f - 2 potions of haste {@q3}
 m - 3 potions of curing {@q1}
 n - 3 potions of lignification {!q}
 q - a potion of magic {unknown}
 v - 2 potions of cancellation
 w - a potion of mutation {unknown}
 z - a potion of might
 B - 2 potions of attraction {unknown}
 E - a potion of ambrosia {unknown}
 G - 2 potions of heal wounds {unknown}


   Skills:
 + Level 9.2 Fighting
 * Level 11.3(12.8) Axes
 + Level 6.8(10.0) Maces & Flails
 - Level 6.9(10.0) Polearms
 * Level 7.1 Ranged Weapons
 - Level 2.1 Dodging
 + Level 6.9 Stealth
 - Level 2.1 Evocations


You had 10 spell levels left.
You didn't know any spells.
Your spell library contained the following spells:

 Spells                   Type           Power      Damage    Failure   Level
 Blink                    Tloc           0%         N/A       92%         2
 Lesser Beckoning         Tloc           0%         N/A       92%         2
 Momentum Strike          Conj/Tloc      0%         3d8       92%         2


Dungeon Overview and Level Annotations

Branches:
Dungeon (10/15)            Temple (0/1) D:5            Lair (0/5) D:8
    Orc: D:9-12

Altars:
Elyvilon
Trog

Shops:
D:6 ?   D:8 [(

Annotations:
D:9 3 runed translucent doors, jasper's ghost, novice DEEE


Innate Abilities, Weirdness & Mutations

You have a pair of horns on your head.
You reflexively headbutt those who attack you in melee.


Message History

The yak gores you but does no damage. The yak barely misses you.
You furiously retaliate!
You headbutt the yak. The yak gores you.
Items here: )) [ †.
You feel the effects of Trog's Hand fading.
The yak gores you.
Things that are here:
a +0 robe; a wand of charming (2); an orc corpse The yak attacks as you move away!
The yak closely misses you.
Things that are here:
a +0 whip; an orc corpse The yak attacks as you move away!
The yak gores you. x2
A wight comes into view. It is wielding a +1 dagger of freezing.
The yak gores you but does no damage.
Things that are here:
a +0 flail; an orc corpse Your skin stops crawling.
You feel less strong-willed. The yak gores you but does no damage.
The yak closely misses you.
The wight hits you from afar with a +0 halberd!
The yak gores you but does no damage. The yak gores you!
There is a stone staircase leading up, spattered with blood here.
The yak gores you!
* * * LOW HITPOINT WARNING * * *
The yak gores you!
* * * LOW HITPOINT WARNING * * *
You climb upwards.
Level annotation: 3 runed translucent doors, jasper's ghost, novice DEEE
There is a stone staircase leading down here.
You slice the yak!! You barely miss the yak. The yak closely misses you.
The yak misses you. The yak closely misses you. The yak gores you.
* * * LOW HITPOINT WARNING * * *
Unknown command.
You hit the yak. You completely miss the yak. The yak barely misses you.
The yak gores you!
* * * LOW HITPOINT WARNING * * *
The yak gores you.
* * * LOW HITPOINT WARNING * * *
The yak gores you!
* * * LOW HITPOINT WARNING * * *
You feel better. The yak barely misses you. The yak gores you!
* * * LOW HITPOINT WARNING * * *
The yak gores you but does no damage. The yak barely misses you.
Unknown command.
You feel very mighty all of a sudden. The yak gores you.
* * * LOW HITPOINT WARNING * * *
The yak barely misses you.
You barely miss the yak. You hit the yak. The yak gores you!
You die...

#..............#
#....[.........#
#........>.....#
#......).......#
#..............#
#..............#
#........##...##
#......YY##...##
#.......@.....<#
#......!.......#
#.............######
#.............##...##
#........##...##....#
#......).##...##....#
##......<.....+.....#
##.....[......###'###
#.............##...##


You could see 2 yaks.

Vanquished Creatures
  A centaur warrior (D:9)
  A two-headed ogre (D:9)
  A gargoyle (D:8)
  A komodo dragon (D:8)
  Prince Ribbit (D:6)
  A shadow (D:9)
  The ghost of osoart the Shooter, an amateur DrHu (D:3)
  9 yaks
  A wyvern (D:7)
  A steam dragon (D:10)
  A water moccasin (D:7)
  An ice beast (D:7)
  An orc warrior (D:9)
  6 black bears
  5 ogres
  4 centaurs
  2 phantoms (D:4)
  A kobold brigand (D:5)
  6 bullfrogs
  2 scorpions
  Blork the orc (D:10)
  A necrophage (D:6)
  4 wights (D:7)
  9 howler monkeys
  4 hounds
  2 jellies
  6 orc priests
  An iron imp (D:10)
  Natasha (thrice) (D:3)
  Ijyb (D:3)
  4 iguanas
  10 orc wizards
  5 adders
  A shadow imp (D:7)
  3 white imps
  An ufetubus (D:7)
  2 worms
  7 dart slugs
  35 orcs
  4 endoplasms
  2 giant cockroaches
  6 goblins
  11 hobgoblins
  5 jackals
  5 quokkas
  5 ball pythons
  3 bats
  8 frilled lizards
  7 kobolds
  6 rats
  6 bushes (D:5)
215 creatures vanquished.

Vanquished Creatures (others)
  An orc wizard (D:2)
  22 plants
  7 withered plants (D:1)
30 creatures vanquished.

Grand Total: 245 creatures vanquished

Notes
Turn   | Place    | Note
-------+----------+-------------------------------------------
     0 | D:5      | Pooter the Minotaur Delver began the quest for the Orb.
     0 | D:5      | Reached XP level 1. HP: 19/19 MP: 0/0
     1 | D:5      | Identified the +7 trident of the Dwarven Hall {drain,
                  | +Blink rElec rPois rCorr}
     6 | D:6      | Noticed a jelly
    25 | D:5      | Noticed an ogre
    37 | D:5      | Noticed a black bear
    38 | D:5      | Found a bloodstained altar of Trog.
    39 | D:5      | Noticed a black bear
    49 | D:5      | Killed a black bear
    50 | D:5      | Reached skill level 1 in Evocations
    50 | D:5      | Reached XP level 2. HP: 23/27 MP: 1/1
    50 | D:5      | Reached XP level 3. HP: 28/33 MP: 2/2
    50 | D:5      | Reached XP level 4. HP: 34/40 MP: 3/3
   145 | D:5      | Killed a black bear
   146 | D:5      | Reached XP level 5. HP: 43/47 MP: 4/4
   173 | D:6      | Found Ejam Jauc's Magic Scroll Shoppe.
   192 | D:5      | Became a worshipper of Trog the Wrathful
   220 | D:5      | Found a staircase to the Ecumenical Temple.
   966 | D:1      | Found a faded altar of an unknown god.
  1031 | D:1      | Reached * piety under Trog
  1741 | D:2      | Reached XP level 6. HP: 47/55 MP: 5/5
  2169 | D:3      | Found a transporter.
  2174 | D:3      | Found a transporter.
  2175 | D:3      | Noticed osoart's ghost (amateur DrHu)
  2176 | D:3      | Identified the +6 dire flail of Defiance {flame, rPois
                  | rC+++ Int+2 Dex-4}
  2259 | D:3      | Noticed Natasha
  2271 | D:3      | Killed Natasha
  2272 | D:3      | Reached skill level 3 in Axes
  2359 | D:3      | Noticed Ijyb
  2376 | D:3      | Killed Ijyb
  2523 | D:3      | Found a white marble altar of Elyvilon.
  2535 | D:3      | Noticed Natasha
  2547 | D:3      | Killed Natasha
  2548 | D:3      | Reached skill level 5 in Fighting
  2728 | D:3      | Noticed Natasha
  2742 | D:3      | Killed Natasha
  2840 | D:3      | Reached skill level 4 in Axes
  2840 | D:3      | Killed osoart's ghost
  2841 | D:3      | Reached skill level 5 in Axes
  2841 | D:3      | Reached skill level 5 in Polearms
  2841 | D:3      | Reached XP level 7. HP: 61/61 MP: 6/6
  2999 | D:4      | Reached ** piety under Trog
  3089 | D:4      | Reached skill level 1 in Maces & Flails
  3189 | D:4      | Upgraded the game from 0.30-a0-840-ga523dec638 to
                  | 0.30-a0-845-g7c6808c8ce
  3450 | D:4      | Reached skill level 6 in Axes
  3473 | D:4      | Reached XP level 8. HP: 70/70 MP: 7/7
  4306 | D:5      | Reached skill level 7 in Axes
  4611 | D:5      | Reached skill level 5 in Stealth
  4995 | D:6      | Reached skill level 8 in Axes
  5054 | D:6      | Reached *** piety under Trog
  5143 | D:6      | Reached XP level 9. HP: 70/79 MP: 8/8
  5192 | D:6      | Bought a scroll of fog for 44 gold pieces
  5192 | D:6      | Bought a scroll of noise for 11 gold pieces
  5192 | D:6      | Bought a scroll of blinking for 82 gold pieces
  5192 | D:6      | Bought a scroll of identify for 22 gold pieces
  5258 | D:6      | Reached skill level 1 in Ranged Weapons
  5833 | D:6      | Noticed Prince Ribbit
  5838 | D:6      | Killed Prince Ribbit
  6002 | D:7      | Reached skill level 9 in Axes
  6273 | D:7      | Reached skill level 5 in Maces & Flails
  6609 | D:8      | Noticed a gargoyle
  6613 | D:8      | Found Riomos's Armour Emporium.
  6615 | D:8      | Killed a gargoyle
  6666 | D:8      | Found Fashefuo's Antique Weapon Emporium.
  6687 | D:8      | Bought a +0 cloak of poison resistance for 119 gold pieces
  6814 | D:8      | Reached XP level 10. HP: 83/88 MP: 9/9
  7360 | D:8      | Found a staircase to the Lair.
  7380 | D:8      | Reached skill level 10 in Axes
  7380 | D:8      | Reached skill level 5 in Ranged Weapons
  7746 | D:9      | Noticed a centaur warrior
  8157 | D:9      | Killed a centaur warrior
  8347 | D:9      | Found a runed translucent gate.
  8402 | D:9      | Found a runed translucent gate.
  8402 | D:9      | Found a runed translucent gate.
  8403 | D:9      | Noticed jasper's ghost (novice DEEE)
  8543 | D:9      | Reached skill level 11 in Axes
  8674 | D:10     | Entered Level 10 of the Dungeon
  8674 | D:10     | Noticed a two-headed ogre
  8887 | D:9      | Killed a two-headed ogre
  9028 | D:10     | Noticed Blork the orc
  9044 | D:10     | Killed Blork the orc
  9053 | D:10     | Reached XP level 11. HP: 72/97 MP: 10/10
  9070 | D:9      | Slain by a yak

Illustrated notes

Levels and vault maps discovered:
D:1:      ncdulo_watergridlock, layout_rooms,
          shapermc_ecumenical_altar_flowoftime, serial_bayou_ford_a,
          minmay_3d_cube
D:2:      layout_rooms, minivault_11
D:3:      layout_basic, mainiacjoe_overflow_cross_hatched,
          gammafunk_ghost_smash, uniq_ijyb, uniq_natasha
D:4:      layout_gridville, minmay_a_box_with_orc_wizards_in_it
D:5:      layout_loops_ring, trog_ov_bears_minmay,
          minmay_temple_entry_proselytizer, lexackson_kobold_supper
D:6:      layout_loops_ring, serial_shops, nicolae_shop_stone,
          uniq_prince_ribbit1
D:7:      layout_rooms, hangedman_decor_points
D:8:      layout_basic, david_lair_shrubbed, serial_shops, shop,
          nicolae_square_shop
D:9:      layout_gridville, gammafunk_ghost_nasty_kobolds
D:10:     layout_rooms, david_orc_4, ebering_ghost_funeral_grove,
          minmay_statues_item, hangedman_minor_magic

Skill      XL: |  1  2  3  4  5  6  7  8  9 10 |
---------------+-------------------------------+-----
Fighting       | 4 5 6 7 8 9 |  9.2
Polearms       | 2 3 4 5 6 |  6.9
Evocations     | 1 2 |  2.1
Axes           | 5 6 8 9 11 | 11.3
Maces & Flails | 2 4 5 6 |  6.8
Stealth        | 5 6 |  6.9
Ranged Weapons | 4 7 |  7.1
Dodging        | |  2.1

Action                     |  1- 3 |  4- 6 |  7- 9 | 10-12 || total
---------------------------+-------+-------+-------+-------++-------
  Melee: Trident           |     3 |   103 |     7 |       ||   113
         Headbutt          |       |     3 |    65 |    12 ||    80
         Unarmed           |       |     7 |       |       ||     7
         War axe           |       |     3 |   111 |    56 ||   170
         Dire flail        |       |       |   141 |    23 ||   164
         Punch             |       |       |     3 |       ||     3
   Fire: Sling             |       |    15 |    11 |       ||    26
         Shortbow          |       |       |    45 |    42 ||    87
  Throw: Javelin           |       |       |     8 |     2 ||    10
 Invoke: Berserk           |       |     3 |     4 |     5 ||    12
         Trog's Hand       |       |       |     3 |     2 ||     5
Ability: Evoke Blink       |       |     1 |       |       ||     1
  Evoke: Wand              |       |       |     7 |     3 ||    10
    Use: Scroll            |       |     5 |     8 |     2 ||    15
         Potion            |       |       |     2 |     2 ||     4
   Stab: Sleeping          |       |     1 |     1 |       ||     2
         Distracted        |       |     1 |     1 |       ||     2
 Armour: Leather armour    |     2 |       |       |       ||     2
         Scale mail        |       |    37 |    64 |    63 ||   164
  Dodge: Dodged            |       |    36 |   106 |    71 ||   213

Table legend: (Time is in decaauts)
 A = Elapsed time spent in this place.
 B = Non-inter-level travel time spent in this place.
 C = Inter-level travel time spent in this place.
 D = Time resting spent in this place.
 E = Time spent auto-exploring this place.
 F = Levels seen in this place.
 G = Mean time per level.
                   A        B        C        D        E       F      G
               +--------+--------+--------+--------+--------+-----+--------+
         Total |   9335 |   9038 |    297 |   2535 |   4566 |  10 |  933.5 |
       Dungeon |   9335 |   9038 |    297 |   2535 |   4566 |  10 |  933.5 |
               +--------+--------+--------+--------+--------+-----+--------+

Top non-repeatable levels by time:
     D:8: 1552 daAuts
     D:3: 1182 daAuts
     D:5: 1143 daAuts
     D:4: 1072 daAuts
     D:6: 1044 daAuts
     D:2: 858 daAuts
     D:9: 832 daAuts
     D:1: 827 daAuts
     D:7: 667 daAuts
    D:10: 153 daAuts
